 Dungeon Crawl Stone Soup version 0.27-a0-1281-ge233d83751 (webtiles) character file.

Game seed: 3597770567797024689

74491 HoaS the Brawler (level 15, -8/148 HPs)
             Began as a Troll Hunter on June 12, 2021.
             Was the Champion of Okawaru.
             Mangled by a sun demon (11 damage)
             ... summoned by an orc high priest
             ... while paralysed by an orc sorcerer
             ... on level 2 of the Orcish Mines on June 13, 2021.
             The game lasted 00:58:02 (16951 turns).

HoaS the Brawler (Troll Hunter)                    Turns: 16951, Time: 00:58:02

Health: -8/148     AC:  8    Str: 24    XL:     15   Next: 7%
Magic:  21/21      EV:  1    Int:  7    God:    Okawaru [******]
Gold:   2545       SH:  0    Dex: 15    Spells: 14/14 levels left

rFire    . . .     SeeInvis .     - Unarmed
rCold    . . .     Faith    .   (no shield)
rNeg     + . .     Spirit   .   I - +3 troll leather armour
rPois    .         Reflect  .   k - +1 hat {Stlth+}
rElec    .         Harm     .   K - +1 cloak {rCorr}
rCorr    +         Rampage  .   (gloves unavailable)
Will     +....                  (boots unavailable)
Stlth    ++........             v - amulet "Toivvarime" {rN+ Regen+}
HPRegen  3.34/turn              e - +4 ring of evasion
MPRegen  0.17/turn              E - +4 ring of slaying

@: paralysed, lethally poisoned (-8 -> -10), corroded
A: large, unfitting armour, claws 3, regeneration 1, shaggy fur 1, tough skin 1
a: Renounce Religion, Heroism, Finesse


You were on level 2 of the Orcish Mines.
You worshipped Okawaru.
Okawaru was exalted by your worship.
You visited 3 branches of the dungeon, and saw 20 of its levels.
You also visited: Bailey and Ice Cave.

You collected 2967 gold pieces.
You spent 422 gold pieces at shops.

Inventory:

Missiles
 c - 36 boomerangs (quivered)
 h - 100 poisoned darts
 t - 3 silver boomerangs
 u - 7 curare-tipped darts
 B - a throwing net
 C - 8 atropa-tipped darts
 D - 16 large rocks
 T - 7 javelins
 V - 7 boomerangs of dispersal
Armour
 k - a +1 hat of stealth (worn)
 I - a +3 troll leather armour (worn)
 K - a +1 cloak of preservation (worn)
Jewellery
 e - a +4 ring of evasion (left claw)
 i - a ring of positive energy
 j - a +4 ring of evasion
 l - a +6 ring of dexterity
 v - the amulet "Toivvarime" (around neck) {rN+ Regen+}
   (You found it on level 10 of the Dungeon)

   [amulet of regeneration]

   It protects you from negative energy.
   It increases your rate of health regeneration.
 A - a ring of fire
 E - a +4 ring of slaying (right claw)
 N - a ring of protection from fire
 O - a ring of ice
 P - a ring of willpower
Wands
 f - a wand of polymorph (20)
 m - a wand of digging (13)
 y - a wand of mindburst (43)
 z - a wand of flame (44)
 L - a wand of acid (9)
 Q - a wand of charming (6)
 R - a wand of iceblast (7)
Scrolls
 a - 3 scrolls of fear
 p - a scroll of silence
 w - 4 scrolls of teleportation
 G - 6 scrolls of magic mapping
 J - a scroll of summoning
 M - 5 scrolls of identify
 U - 3 scrolls of fog
 W - a scroll of blinking
Potions
 b - 2 potions of resistance
 d - 2 potions of berserk rage
 g - a potion of cancellation
 n - 3 potions of mutation
 o - a potion of might
 q - 4 potions of haste
 r - 4 potions of lignification
 s - 6 potions of curing
 x - 2 potions of attraction
 F - 2 potions of heal wounds
 H - 2 potions of invisibility
 S - a potion of ambrosia


   Skills:
 * Level 9.5 Fighting
 + Level 9.7 Throwing
 - Level 4.0 Armour
 + Level 10.2 Dodging
 - Level 0.3 Stealth
 * Level 15.4 Unarmed Combat
 - Level 9.5 Invocations


You had 14 spell levels left.
You didn't know any spells.
Your spell library contained the following spells:

 Spells                   Type           Power      Damage    Failure   Level
 Apportation              Tloc           0%         N/A       45%         1
 Beastly Appendage        Tmut           0%         N/A       45%         1
 Foxfire                  Conj/Fire      0%         2x1d4     45%         1
 Magic Dart               Conj           0%         1d3       45%         1
 Blink                    Tloc           N/A        N/A       61%         2
 Call Imp                 Summ           0%         N/A       61%         2
 Slow                     Hex            0%         N/A       61%         2
 Wereblood                Tmut           0%         N/A       61%         2
 Confusing Touch          Hex            0%         N/A       83%         3
 Conjure Flame            Conj/Fire      0%         6-21      83%         3
 Gell's Gravitas          Tloc           0%         N/A       83%         3
 Inner Flame              Hex/Fire       0%         N/A       83%         3
 Lesser Beckoning         Tloc           0%         N/A       83%         3
 Mephitic Cloud           Conj/Pois/Air  0%         N/A       83%         3
 Spider Form              Tmut/Pois      0%         N/A       83%         3
 Tukima's Dance           Hex            0%         N/A       83%         3
 Ice Form                 Ice/Tmut       0%         N/A       99%         4
 Petrify                  Tmut/Erth      0%         N/A       99%         4
 Sticky Flame             Conj/Fire      0%         2d3       99%         4
 Alistair's Intoxication  Tmut/Pois      0%         N/A       100%        5
 Fireball                 Conj/Fire      0%         3d3       100%        5
 Metabolic Englaciation   Hex/Ice        0%         N/A       100%        5
 Summon Forest            Summ/Tloc      0%         N/A       100%        5
 Summon Mana Viper        Hex/Summ       0%         N/A       100%        5
 Yara's Violent Unravell  Hex/Tmut       0%         3d3       100%        5
 Invisibility             Hex            0%         N/A       100%        6
 Shadow Creatures         Summ           N/A        N/A       100%        6
 Summon Hydra             Summ           0%         N/A       100%        7


Dungeon Overview and Level Annotations

Branches:
Dungeon (12/15)            Temple (0/1) D:6            Lair (6/6) D:10
 Shoals (0/4) Lair:2        Snake (0/4) Lair:4        Slime (0/5) Lair:5
    Orc (2/2) D:10            Elf (0/3) Orc:2        Bailey (visited)
  IceCv (visited)

Altars:
Cheibriados
Gozag
Hepliaklqana
Kikubaaqudgha
Nemelex Xobeh
Okawaru
Ru
Sif Muna
Trog
Xom
Zin
The Shining One
Beogh

Shops:
Orc:2 **


Innate Abilities, Weirdness & Mutations

You are too large for most types of armour.
You have claws for hands.
Your natural rate of healing is unusually fast.
You are covered in fur. (AC +1)
You have tough skin. (AC +1)


Message History

A gelid demonspawn comes into view. It is wielding a +0 demon trident.
An orc high priest comes into view. It is wielding a +0 dire flail.
The orc high priest utters an invocation to Beogh.
You hear a shout! x2
An infernal demonspawn comes into view. It is wielding a +0 long sword.
The orc sorcerer misses you.
The orc high priest invokes the aid of Beogh against you.
Pain shoots through your body! The orc sorcerer casts a spell at you.
You suddenly lose the ability to move!
The orc sorcerer gestures at you while chanting.
You shrug off the repeated paralysis!
The gelid demonspawn hits you from afar with a +0 demon trident!!
The sun demon hits you.
You are engulfed in flames!
The orc sorcerer casts a spell.
The orc high priest calls down the wrath of Beogh upon you.
Beogh smites you!
The gelid demonspawn hits you from afar with a +0 demon trident!
The sun demon hits you.
You are engulfed in flames!
You hear a shout!
The orc high priest hits you with a +0 dire flail.
The sun demon hits you but does no damage.
The gelid demonspawn hits you from afar with a +0 demon trident.
The orange demon stings you from afar!
You are poisoned.
The orange demon poisons you!
The orc high priest hits you with a +0 dire flail!
The sun demon hits you!
You are engulfed in flames!
* * * LOW HITPOINT WARNING * * *
The orc sorcerer hits you with a +0 dagger.
* * * LOW HITPOINT WARNING * * *
The gelid demonspawn hits you from afar with a +0 demon trident!
* * * LOW HITPOINT WARNING * * *
You feel extremely sick. The orange demon stings you from afar.
* * * LOW HITPOINT WARNING * * *
The sun demon hits you.
* * * LOW HITPOINT WARNING * * *
You are engulfed in flames!
You die...

...###..###...###..........##.##
..###..###.#.#.####.......#####
####..###...#.).###........##
###..###..)###)..###........#
##..###.).##.##...#####....##
#........##...##..)## #...##
....#.).## #.6##.).###...#
..#.)..## #4o##.#(###.##
#....)## #3@o4...###### ..#..##
##.#)....###.## #...).##
#6......###...## ).#....##
#..##.#.###.#...# ..))#...##
#..# ...###.....## #.)).....#
...# ...###.....##
##.)###...##.# ...###......#
###).###...## ..####.....##
.###).###...# ##......##


You could see an orc high priest, a sun demon (summoned), a gelid demonspawn
(icemail), an infernal demonspawn, an orange demon (summoned), a hellwing
(summoned) and an orc sorcerer.

Vanquished Creatures
  An ettin (Orc:2)
  A fire dragon (Lair:6)
  2 boulder beetles
  9 hydras
  Harold (D:7)
  3 catoblepae (Lair:4)
  5 death yaks (Lair:5)
  9 two-headed ogres
  2 orc high priests (Orc:2)
  Urug (D:11)
  A tengu warrior (D:10)
  Nergalle (Lair:1)
  4 skeletal warriors
  A sixfirhy (Orc:2)
  5 orc knights
  Pikel (D:4)
  A lindwurm (Lair:6)
  A necromancer (IceCv)
  2 oklob plants (Lair:4)
  3 orc sorcerers (Orc:2)
  2 manticores
  3 cyclopes
  Joseph (D:8)
  9 elephants
  Maurice (D:11)
  2 ice statues (IceCv)
  2 molten gargoyles (Lair:6)
  An orange demon (Orc:2)
  10 black mambas
  Maggie (D:8)
  6 cane toads
  A kobold demonologist (D:10)
  A freezing wraith (D:12)
  3 unseen horrors
  An efreet (D:10)
  A hellwing (Orc:2)
  8 komodo dragons
  A tengu conjurer (D:10)
  10 ice devils (IceCv)
  A red devil (Orc:2)
  3 polar bears
  3 trolls
  A hornet (D:10)
  14 blink frogs
  A meliai zombie (D:6)
  A vampire (D:6)
  3 wraiths
  A shadow (D:12)
  40 yaks
  A centaur simulacrum (D:10)
  3 wyverns
  5 basilisks
  2 steam dragons
  Grum (D:11)
  A vampire mosquito (D:10)
  4 nagas (Lair:4)
  3 acid dragons
  7 water moccasins
  4 hell hounds (Lair:6)
  26 orc warriors
  3 ice beasts
  A sky beast (D:5)
  A black bear (D:6)
  5 ogres
  4 centaurs
  10 wolves
  A phantom (D:6)
  6 kobold brigands
  12 bullfrogs
  2 scorpions
  2 gnoll sergeants
  3 killer bees (D:10)
  5 wights
  2 howler monkeys
  An electric eel (Lair:2)
  2 draconian simulacra (IceCv)
  5 lava snakes (Lair:6)
  5 bullfrog skeletons
  6 jellies
  17 orc priests
  7 centaur zombies
  Crazy Yiuf (D:7)
  A gnoll shaman (D:4)
  4 hounds
  A centaur skeleton (D:6)
  Terence (D:2)
  5 iguanas
  18 orc wizards
  3 troll simulacra (IceCv)
  2 spriggan simulacra (IceCv)
  A killer bee zombie (D:7)
  Robin (D:2)
  A howler monkey zombie (D:10)
  12 gnolls
  5 adders
  2 naga simulacra (IceCv)
  An ogre simulacrum (IceCv)
  3 shadow imps
  14 white imps
  An ufetubus (D:6)
  An adder skeleton (D:4)
  4 worms
  2 dart slugs
  53 orcs
  4 ball pythons
  10 endoplasms
  6 giant cockroaches
  26 goblins
  10 hobgoblins
  5 jackals
  3 quokkas (D:3)
  4 bats (D:1)
  10 frilled lizards
  43 kobolds
  10 rats
611 creatures vanquished.

Vanquished Creatures (collateral kills)
  2 yaks (Lair:3)
2 creatures vanquished.

Vanquished Creatures (others)
  A bullfrog (Lair:4)
  A wight (D:8)
  An orc (Orc:2)
  26 fungi
  22 plants
  4 toadstools (D:6)
55 creatures vanquished.

Grand Total: 668 creatures vanquished

Notes
Turn   | Place    | Note
-------+----------+-------------------------------------------
     0 | D:1      | HoaS the Troll Hunter began the quest for the Orb.
     0 | D:1      | Reached XP level 1. HP: 19/19 MP: 0/0
    83 | D:1      | Reached skill level 1 in Unarmed Combat
   101 | D:1      | Reached XP level 2. HP: 28/28 MP: 1/1
   299 | D:1      | Reached XP level 3. HP: 35/35 MP: 2/2
   409 | D:1      | Reached skill level 2 in Unarmed Combat
   467 | D:1      | Found a faded altar of an unknown god.
   631 | D:2      | Noticed Robin
   696 | D:2      | Killed Robin
   834 | D:2      | Noticed Terence
   841 | D:2      | Killed Terence
   842 | D:2      | Reached XP level 4. HP: 36/42 MP: 1/3
  1375 | D:2      | Reached skill level 3 in Unarmed Combat
  1802 | D:3      | Reached XP level 5. HP: 50/50 MP: 4/4
  1933 | D:3      | Found an opulent altar of Gozag.
  2106 | D:3      | Found a glowing silver altar of Zin.
  2239 | D:3      | Noticed a moth of wrath
  2244 | D:3      | Found a bloodstained altar of Trog.
  2314 | D:4      | Noticed a water moccasin
  2331 | D:3      | Killed a water moccasin
  2332 | D:3      | Reached skill level 4 in Unarmed Combat
  2332 | D:3      | Reached XP level 6. HP: 45/61 MP: 3/5
  2463 | D:4      | Reached skill level 5 in Unarmed Combat
  2502 | D:4      | Found an iron altar of Okawaru.
  2579 | D:4      | Became a worshipper of Warmaster Okawaru
  2654 | D:4      | Found a hazy altar of Hepliaklqana.
  2688 | D:4      | Reached XP level 7. HP: 67/67 MP: 6/6
  2892 | D:4      | Noticed Pikel
  2902 | D:4      | Killed Pikel
  2902 | D:4      | Reached * piety under Okawaru
  2903 | D:4      | Reached skill level 6 in Unarmed Combat
  2944 | D:4      | Reached XP level 8. HP: 48/75 MP: 5/8
  3013 | D:5      | Entered Level 5 of the Dungeon
  3082 | D:4      | Reached ** piety under Okawaru
  3108 | D:5      | Reached skill level 7 in Unarmed Combat
  3143 | D:5      | Found a snail-covered altar of Cheibriados.
  3297 | D:5      | Found a glowing golden altar of the Shining One.
  3693 | D:6      | Reached skill level 8 in Unarmed Combat
  3802 | D:6      | Reached skill level 5 in Dodging
  3934 | D:6      | Reached XP level 9. HP: 81/81 MP: 7/10
  3936 | D:6      | Reached *** piety under Okawaru
  3937 | D:6      | Reached skill level 9 in Unarmed Combat
  4028 | D:6      | Found a staircase to the Ecumenical Temple.
  4384 | D:6      | Found a sparkling altar of Nemelex Xobeh.
  4500 | D:7      | Found a bloodstained altar of Trog.
  4635 | D:7      | Found a runed translucent door.
  4636 | D:7      | Noticed Crazy Yiuf
  4790 | D:7      | Noticed Harold
  4799 | D:7      | Killed Harold
  4799 | D:7      | Reached **** piety under Okawaru
  4933 | D:7      | Found an ancient bone altar of Kikubaaqudgha.
  5038 | D:7      | Reached XP level 10. HP: 89/92 MP: 9/12
  5134 | D:7      | Found a shimmering altar of Xom.
  5142 | D:7      | Reached skill level 10 in Unarmed Combat
  5300 | D:7      | Killed Crazy Yiuf
  5374 | D:8      | Noticed a two-headed ogre
  5388 | D:8      | Killed a two-headed ogre
  5489 | D:8      | Noticed Joseph
  5554 | D:8      | Killed Joseph
  5554 | D:8      | Reached ***** piety under Okawaru
  5555 | D:8      | Reached skill level 5 in Throwing
  5671 | D:8      | Noticed Maggie
  5679 | D:8      | Killed Maggie
  5995 | D:8      | Received a gift from Okawaru
  6105 | D:9      | Found a flagged portal.
  6124 | Bailey   | Entered a bailey
  6173 | Bailey   | Noticed an orc knight
  6194 | Bailey   | Killed an orc knight
  6195 | Bailey   | Reached skill level 5 in Invocations
  6252 | Bailey   | Reached skill level 11 in Unarmed Combat
  6483 | D:9      | Found a shimmering blue altar of Sif Muna.
  6771 | D:10     | Entered Level 10 of the Dungeon
  6801 | D:10     | Found a staircase to the Orcish Mines.
  6802 | D:10     | Noticed a two-headed ogre
  6823 | D:10     | Killed a two-headed ogre
  6824 | D:10     | Reached skill level 5 in Fighting
  6824 | D:10     | Reached XP level 11. HP: 83/102 MP: 10/14
  6884 | D:10     | Noticed a two-headed ogre
  6888 | D:10     | Reached skill level 1 in Armour
  6903 | D:10     | Killed a two-headed ogre
  6936 | D:10     | Noticed a two-headed ogre
  6947 | D:10     | Identified the +5 halberd of Lust {distort, Str+3} (Okawaru
                  | gifted it to you on level 10 of the Dungeon)
  6947 | D:10     | Received a gift from Okawaru
  6954 | D:10     | Killed a two-headed ogre
  7167 | D:10     | Found a staircase to the Lair.
  7312 | D:10     | Noticed a two-headed ogre
  7328 | D:10     | Killed a two-headed ogre
  7412 | D:10     | Noticed a skeletal warrior
  7413 | D:10     | Noticed a tengu warrior
  7413 | D:10     | Noticed a boulder beetle
  7416 | D:10     | Identified the +8 scimitar of Grandeur {vorpal, Str+4
                  | Int+2}
  7434 | D:10     | Killed a tengu warrior
  7435 | D:10     | Reached skill level 12 in Unarmed Combat
  7451 | D:10     | Received a gift from Okawaru
  7460 | D:10     | Killed a boulder beetle
  7461 | D:10     | Reached XP level 12. HP: 99/113 MP: 6/15
  7520 | D:10     | Identified the +10 whip of War {drain, Dex+4}
  7532 | D:10     | Identified the amulet "Toivvarime" {rN+ Regen+}
  7544 | D:10     | Noticed a two-headed ogre
  7548 | D:10     | Killed a two-headed ogre
  7570 | D:10     | Noticed a two-headed ogre
  7795 | D:10     | Killed a two-headed ogre
  8085 | Lair:1   | Entered Level 1 of the Lair of Beasts
  8149 | Lair:1   | Noticed a five-headed hydra
  8149 | Lair:1   | Noticed a five-headed hydra
  8149 | Lair:1   | Noticed Nergalle
  8200 | Lair:1   | Killed a five-headed hydra
  8208 | Lair:1   | Killed Nergalle
  8560 | Lair:1   | Killed a five-headed hydra
  8610 | Lair:1   | Found a shimmering altar of Xom.
  8887 | Lair:2   | Received a gift from Okawaru
  8895 | Lair:2   | Reached skill level 13 in Unarmed Combat
  9211 | Lair:2   | Found a staircase to the Shoals.
  9276 | Lair:2   | Reached XP level 13. HP: 123/123 MP: 17/17
 10495 | Lair:3   | Upgraded the game from 0.27-a0-1278-g6cbc8dfb29 to
                  | 0.27-a0-1281-ge233d83751
 10495 | Lair:3   | Identified a scroll of acquirement
 10495 | Lair:3   | Acquired 999 gold pieces
 10509 | Lair:4   | Identified the +1 great sword "Adadussur" {vorpal, rPois
                  | rN++ Str-3 Int+3}
 10884 | Lair:4   | Found a staircase to the Snake Pit.
 10914 | Lair:4   | Reached ****** piety under Okawaru
 10932 | Lair:4   | Received a gift from Okawaru
 11312 | Lair:4   | Reached skill level 14 in Unarmed Combat
 11438 | Lair:5   | Found a staircase to the Slime Pits.
 11877 | Lair:5   | Received a gift from Okawaru
 12127 | Lair:6   | Entered Level 6 of the Lair of Beasts
 12178 | Lair:6   | Reached XP level 14. HP: 135/135 MP: 19/19
 12185 | Lair:6   | Identified the +0 pair of gloves "Sesusmik" {Dex+3}
 12203 | Lair:6   | Found a frozen archway.
 12262 | IceCv    | Entered an ice cave
 12495 | IceCv    | Identified the +0 swamp dragon scales "Ipede" {rElec rPois
                  | rF+ Str-5 SInv}
 13052 | Lair:6   | Found a large runed translucent door.
 13321 | Lair:6   | Received a gift from Okawaru
 13759 | Lair:6   | Found a large runed translucent door.
 14255 | D:11     | Found a sacrificial altar of Ru.
 14374 | D:11     | Noticed Maurice
 14392 | D:11     | Killed Maurice
 14659 | D:11     | Noticed Urug
 14663 | D:11     | Killed Urug
 14664 | D:11     | Reached skill level 15 in Unarmed Combat
 15041 | D:11     | Noticed Grum
 15060 | D:11     | Killed Grum
 15293 | D:12     | Reached skill level 10 in Dodging
 15783 | Orc:1    | Entered Level 1 of the Orcish Mines
 15972 | Orc:2    | Entered Level 2 of the Orcish Mines
 16290 | Orc:2    | Found Cychoeko's General Store.
 16298 | Orc:2    | Found Muyschiw's General Store.
 16316 | Orc:2    | Bought a scroll of teleportation for 33 gold pieces
 16318 | Orc:2    | Bought a scroll of magic mapping for 52 gold pieces
 16318 | Orc:2    | Bought a scroll of blinking for 112 gold pieces
 16318 | Orc:2    | Bought 2 scrolls of enchant armour for 225 gold pieces
 16446 | Orc:2    | Found a staircase to the Elven Halls.
 16461 | Orc:2    | Received a gift from Okawaru
 16803 | Orc:2    | Reached XP level 15. HP: 147/148 MP: 21/21
 16946 | Orc:2    | Paralysed by an orc sorcerer for 6 turns
 16951 | Orc:2    | HP: 4/148 [orange demon[an orc high priest] (4)]
 16951 | Orc:2    | Mangled by a sun demon

Illustrated notes

Levels and vault maps discovered:
D:1:      dpeg_arrival_ternary, layout_rooms, ebering_ecumenical_altar_box,
          chequers_serial_rivers_micro_a, grunt_decor_fettered, minmay_3d_cube
D:2:      layout_loops_corners, minmay_pentomino_pile, uniq_terence, uniq_robin
D:3:      kennysheep_the_goblin_king, layout_rooms,
          pdpol_temple_overflow_zin_treasury_gozag_greed, tgw_trog,
          minmay_fractal_squares_gapless_5
D:4:      layout_loops_ring, lemuel_tele_altar, okawaru_metal_pillars_1_2,
          kennysheep_cluttered_room, uniq_pikel
D:5:      layout_cave_pools, nicolae_tso_swordbearing_angel,
          kennysheep_slug_shrine, hangedman_decor_peaks_small
D:6:      layout_loops_ring, kennysheep_little_box,
          minmay_temple_entry_junction, minmay_gold_behind_fungi
D:7:      layout_loops_ring, lemuel_crystal_altar, hangedman_feature_mirror,
          uniq_harold, uniq_crazy_yiuf_cottage
D:8:      layout_basic, serial_glass, glass_columns_a, glass_columns_b,
          glass_columns_a, glass_columns_a, glass_columns_c, glass_columns_c,
          glass_columns_b, glass_columns_a, glass_columns_b, glass_columns_b,
          glass_columns_a, glass_columns_b, glass_columns_a, glass_columns_b,
          uniq_maggie, uniq_joseph
D:9:      layout_cave_pools, nicolae_sif_muna_little_library, enter_bailey_3
D:10:     minmay_the_grid_octo_tiled_octocenter
          [minmay_the_grid_octo_checkerflower,
          minmay_the_grid_octo_tetromino_candy,
          minmay_the_grid_octo_vomiting_pacman, minmay_the_grid_octo_clover_2,
          minmay_the_grid_octo_prize_square_snowflake,
          minmay_the_grid_square_5x5_shrine2,
          minmay_the_grid_square_5x5_inner_v, minmay_the_grid_square_5x5_n,
          minmay_the_grid_square_5x5_six], layout_loops_ring, lair_entry_dummy,
          minmay_orc_entry_temple_small
D:11:     layout_gridville, minmay_misc_feat_diagonals,
          nicolae_ru_great_annihilating_truth, uniq_maurice, uniq_grum,
          uniq_urug
D:12:     layout_roguey
Lair:1:   layout_hall_layers, basic_altar, grunt_megastairs_4,
          infiniplex_staircase_pool_2, uniq_nergalle
Lair:2:   layout_cave_pods, elwin_shoals_entry_rocks, serial_bayou_lake_a
Lair:3:   layout_layer_cave, lemuel_old_faithful
Lair:4:   layout_cave_shapes, minmay_snake_entry_guardpost_small, serial_forest,
          infiniplex_forest_zigzag_1, infiniplex_forest_straight_2,
          infiniplex_forest_end_2, infiniplex_forest_clump_medium,
          infiniplex_forest_end_1, infiniplex_forest_lined_corner,
          infiniplex_forest_straight_4, minmay_lair_oklob_chamber
Lair:5:   layout_roguey, minmay_slime_entry_pillars
Lair:6:   cheibrodos_lair_end_hotspot, layout_cave_pods,
          portal_ice_cave_entry_imps
Orc:1:    layout_caves, mines2_david
Orc:2:    pf_orc_diabolical, layout_diamond_mine, nicolae_orc_lava_room

Skill      XL: |  1  2  3  4  5  6  7  8  9 10 11 12 13 14 |
---------------+-------------------------------------------+-----
Unarmed Combat | 1 2 3 4 5 6 8 9 11 12 13 14 15 | 15.4
Fighting       | 2 3 5 6 7 9 |  9.5
Dodging        | 2 3 4 5 6 7 8 9 10 | 10.2
Invocations    | 2 3 4 5 6 7 8 9 |  9.5
Throwing       | 4 5 6 7 8 9 |  9.7
Armour         | 3 4 |  4.0
Stealth        | |  0.3

Action                   |  1- 3 |  4- 6 |  7- 9 | 10-12 | 13-15 || total
-------------------------+-------+-------+-------+-------+-------++-------
Melee: Unarmed           |   136 |   133 |   306 |   532 |   759 ||  1866
       Punch             |     1 |       |    11 |    37 |    75 ||   124
Throw: Throwing net      |       |     1 |     1 |     2 |       ||     4
       Boomerang         |       |       |       |    48 |   158 ||   206
       Large rock        |       |       |       |     9 |    15 ||    24
       Javelin           |       |       |       |       |    15 ||    15
Invok: Heroism           |       |       |     1 |     9 |     5 ||    15
       Finesse           |       |       |       |     1 |     3 ||     4
  Use: Scroll            |     2 |    11 |     4 |    12 |    13 ||    42
       Potion            |       |       |       |     1 |       ||     1
 Stab: Sleeping          |       |     1 |       |       |     3 ||     4
       Distracted        |       |       |       |       |     2 ||     2
       Paralysed         |       |       |       |       |     1 ||     1
Armor: Robe              |    82 |    13 |    31 |     3 |       ||   129
       Steam dragon scal |       |       |       |    19 |       ||    19
       Acid dragon scale |       |       |       |    33 |       ||    33
       Troll leather arm |       |       |       |    58 |   181 ||   239
       Swamp dragon scal |       |       |       |       |     9 ||     9
Dodge: Dodged            |   119 |   106 |   232 |   436 |   485 ||  1378

Table legend: (Time is in decaauts)
 A = Elapsed time spent in this place.
 B = Non-inter-level travel time spent in this place.
 C = Inter-level travel time spent in this place.
 D = Time resting spent in this place.
 E = Time spent auto-exploring this place.
 F = Levels seen in this place.
 G = Mean time per level.
                   A        B        C        D        E       F      G
               +--------+--------+--------+--------+--------+-----+--------+
         Total |  16549 |  15690 |    859 |    458 |  11067 |  22 |  752.2 |
       Dungeon |   9255 |   8703 |    552 |    255 |   6387 |  12 |  771.2 |
          Lair |   5441 |   5136 |    305 |    144 |   3819 |   6 |  906.8 |
  Orcish Mines |   1108 |   1108 |      0 |     27 |    646 |   2 |  554.0 |
        Bailey |    255 |    255 |      0 |      0 |     56 |   1 |  255.0 |
      Ice Cave |    489 |    489 |      0 |     30 |    159 |   1 |  489.0 |
               +--------+--------+--------+--------+--------+-----+--------+

Top non-repeatable levels by time:
  Lair:6: 1413 daAuts
    D:10: 1299 daAuts
  Lair:2: 998 daAuts
     D:2: 974 daAuts
    D:11: 970 daAuts
   Orc:2: 919 daAuts
  Lair:4: 879 daAuts
     D:7: 861 daAuts
     D:6: 815 daAuts
  Lair:1: 740 daAuts
  Lair:5: 707 daAuts
  Lair:3: 700 daAuts
     D:8: 698 daAuts
     D:3: 697 daAuts
     D:4: 695 daAuts
